 Dungeon Crawl Stone Soup version 0.18-a0-455-gc7d4c65 (webtiles) character file.

17632 UristPineapples the Cleaver (level 12, -6/98 HPs)
             Began as a Demonspawn Fighter on Nov 30, 2015.
             Was a Believer of Ru.
             Mangled by Snorg (20 damage)
             ... on level 12 of the Dungeon on Dec 1, 2015.
             The game lasted 00:49:44 (13803 turns).

UristPineapples the Cleaver (Demonspawn Fighter)   Turns: 13803, Time: 00:49:45

Health: -6/98      AC: 12    Str: 20    XL:     12   Next: 20%
Magic:  13/13      EV: 12    Int: 11    God:    Ru [**....]
Gold:   664        SH:  9    Dex: 13    Spells: 0 memorised, 11 levels left

rFire  . . .     SeeInvis .     i - +1 war axe (venom)
rCold  + . .     Clarity  +     b - +0 scale mail
rNeg   . . .     SustAt   .     c - +0 shield
rPois  +         Gourm    .     (helmet unavailable)
rElec  .         Spirit   .     p - +1 cloak
rCorr  .         Dsmss    .     a - +0 pair of gloves
rMut   .         Stasis   .     (no boots)
MR     .....                    (no amulet)
Stlth  ..........               u - +3 ring of slaying
                                r - ring of invisibility

@: not resistant to hostile enchantments, extremely unstealthy
A: horns 3, icy blue scales 3, berserk 1, blurry vision 1, clarity, high mp 1,
mutation resistance 1, poison resistance, regeneration 1, screaming 1, spit
poison 1, wild magic 1, rot immunity, hated by all, vulnerability to harm 1,
sturdy frame 1
a: Spit Poison, Renounce Religion, Evoke Invisibility


You were on level 12 of the Dungeon.
You worshipped Ru.
Ru was pleased with you.
You were hungry.

You visited 2 branches of the dungeon, and saw 13 of its levels.

You collected 664 gold pieces.

Inventory:

Hand Weapons
 d - a +0 blowgun
 i - a +1 war axe of venom (weapon)
 M - a +1 hand axe of flaming
Missiles
 x - 63 poisoned needles
Armour
 a - a +0 pair of gloves (worn)
 b - a +0 scale mail (worn)
 c - a +0 shield (worn)
 p - a +1 cloak (worn)
 G - a +2 scale mail of fire resistance
Jewellery
 r - a ring of invisibility (left hand)
 u - a +3 ring of slaying (right hand)
Wands
 e - a wand of fire (0)
 h - a wand of digging (5)
 D - a wand of invisibility (1)
 N - a wand of lightning (6)
Scrolls
 f - a scroll of silence {unknown}
 j - a scroll of vulnerability {unknown}
 l - 6 scrolls of teleportation
 n - 3 scrolls of amnesia {unknown}
 q - 4 scrolls of enchant weapon {unknown}
 s - 3 scrolls of recharging {unknown}
 t - 4 scrolls of remove curse
 w - 5 scrolls of magic mapping
 y - 2 scrolls of noise {unknown}
 B - 2 scrolls of blinking {unknown}
 E - a scroll of fog {unknown}
 F - 2 scrolls of random uselessness {unknown}
 K - 2 scrolls of enchant armour {unknown}
Potions
 g - a potion of haste
 o - a potion of magic
 A - 3 potions of heal wounds
 C - a potion of flight
 L - a potion of curing
 O - a potion of invisibility {unknown}
Books
 m - a book of Debilitation

   Spells                             Type                      Level
   a - Corona                         Hexes                        1
   b - Slow                           Hexes                        2
   c - Gell's Gravitas                Hexes/Translocation          3
   d - Inner Flame                    Hexes/Fire                   3
   e - Cause Fear                     Hexes                        4
   f - Leda's Liquefaction            Hexes/Earth                  4
Comestibles
 k - 5 royal jellies
 v - a slice of pizza
 z - 3 meat rations
 H - 10 chunks of flesh
 I - 2 fruits
 J - 4 bread rations


   Skills:
 + Level 10.3 Fighting
 - Level 11.0 Axes
 - Level 7.2 Armour
 * Level 10.1 Dodging
 - Level 2.6 Shields


You had 11 spell levels left.
You didn't know any spells.

Dungeon Overview and Level Annotations

Branches:
Dungeon (12/15)            Temple (1/1) D:7            Lair (0/8) D:8
    Orc: D:9-12

Altars:
Ashenzari
Cheibriados
Dithmenos
Elyvilon
Fedhas
Gozag
Kikubaaqudgha
Makhleb
Nemelex Xobeh
Okawaru
Qazlal
Ru
Sif Muna
Trog
Vehumet
Xom
Yredelemnul
Zin
The Shining One

Annotations:
D:6 1 runed door
D:8 exclusion: oklob plant
D:10 exclusion: downstairs
D:12 Snorg


Innate Abilities, Weirdness & Mutations

You have a pair of large horns on your head.
You are completely covered in icy blue scales (AC +4, EV -1, rC+).
You are immune to rotting.
You are hated by all.
You take slightly more damage. (-3 AC)
You tend to lose your temper in combat.
Scrolls take you a little longer to read.
You possess an exceptional clarity of mind.
You have an increased reservoir of magic (+10% MP).
You are somewhat resistant to further mutation.
Your system is resistant to poisons.
Your natural rate of healing is unusually fast.
You occasionally shout uncontrollably at your foes.
You can spit weak poison.
Your spells are a little harder to cast, but a little more powerful.
Your movements are slightly less encumbered by armour (ER -2).


Message History

You focus your will and illuminate Snorg in retribution!
The ogre hits you with a giant club.
The phantom blinks!
Snorg bites you!!
* * * LOW HITPOINT WARNING * * *
You focus your will and blind Snorg in retribution!
Snorg closely misses you. Snorg claws you but does no damage.
Unknown command.
Read which item? (? for menu, Esc to quit)
Really read with blurry vision while enemies are nearby? [Y]es or [N]o only, please.
Really read with blurry vision while enemies are nearby?
You begin reading the scroll.
You continue reading the scroll.
Snorg bites you.
* * * LOW HITPOINT WARNING * * *
Snorg claws you!
* * * LOW HITPOINT WARNING * * *
Snorg claws you but does no damage.
The ogre mage mumbles some strange words.
The ogre mage seems to speed up.
Snorg bites you!!
You die...

#.......#
#..).....
##'######
###[#####
#####.##
#.##
#......#
#.[#
#.####.#
##.# #.####
#.# #.O..##
#.#
#.####)##..#
#.#
#.....OT@..#
#.##
#..###O###.#
#..# # ..O.
# ##.# #....
#.# .....>.
#.# #.#.....
#.#
#.#.....#
#.# # ###.
#.# #.#


You could see Snorg (berserk), an ogre mage and an ogre.

Vanquished Creatures
  A hydra (D:11)
  A queen ant (D:11)
  4 hill giants
  A cyclops (D:11)
  A wolf spider zombie (D:10)
  Joseph (D:9)
  A centaur zombie (D:10)
  Psyche (D:12)
  A gargoyle (D:12)
  6 trolls
  A slime creature (D:12)
  A two-headed ogre (D:12)
  A trapdoor spider zombie (D:11)
  A trapdoor spider (D:9)
  A shadow (D:11)
  3 hungry ghosts
  2 deep elf magi
  A wyvern (D:11)
  9 yaks
  A wraith (D:12)
  2 humans (D:8)
  Menkaure (D:5)
  6 soldier ants (D:11)
  2 black bears
  4 sky beasts
  3 ice beasts
  4 phantoms
  2 ogres (D:11)
  2 necrophages
  6 centaurs
  A big kobold (D:11)
  7 giant frogs
  4 scorpions
  2 spriggan skeletons (D:9)
  6 wights (D:11)
  16 killer bees
  9 crimson imps
  11 hounds
  4 jellies
  A giant frog zombie (D:10)
  A quasit (D:11)
  4 orc priests
  9 orc wizards
  6 centaur skeletons
  4 giant frog skeletons
  A human skeleton (D:6)
  6 iguanas
  A killer bee zombie (D:10)
  30 worker ants
  A hound zombie (D:6)
  A hound skeleton (D:6)
  A worker ant zombie (D:8)
  14 adders
  6 shadow imps
  An adder zombie (D:8)
  2 adder skeletons
  7 worms
  4 giant geckos
  44 orcs
  3 giant cockroaches
  11 hobgoblins
  10 jackals
  5 quokkas
  4 ball pythons
  6 bats
  A giant gecko zombie (D:8)
  3 giant newts
  9 goblins
  12 kobolds
  2 quokka skeletons
  A quokka zombie (D:9)
  9 rats
351 creatures vanquished.

Notes
Turn   | Place    | Note
--------------------------------------------------------------
     0 | D:1      | UristPineapples the Demonspawn Fighter began the quest for the Orb.
     0 | D:1      | Reached XP level 1. HP: 18/18 MP: 1/1
   372 | D:1      | Gained mutation: You are partially covered in icy blue scales (AC +1). [demonic ancestry]
   372 | D:1      | Reached XP level 2. HP: 10/24 MP: 2/2
  1111 | D:2      | Gained mutation: You have a pair of small horns on your head. [demonic ancestry]
  1111 | D:2      | Reached XP level 3. HP: 20/30 MP: 3/3
  1408 | D:2      | Found a white marble altar of Elyvilon.
  1479 | D:2      | Reached skill level 4 in Fighting
  2016 | D:2      | Gained mutation: You are mostly covered in icy blue scales (AC +3, EV -1). [demonic ancestry]
  2016 | D:2      | Reached XP level 4. HP: 34/38 MP: 4/4
  2635 | D:3      | Found a bloodstained altar of Trog.
  2907 | D:3      | Reached XP level 5. HP: 31/43 MP: 5/5
  3357 | D:3      | Reached skill level 5 in Fighting
  3793 | D:4      | Reached XP level 6. HP: 43/51 MP: 6/6
  4242 | D:4      | Found a shattered altar of Ashenzari.
  4271 | D:5      | Entered Level 5 of the Dungeon
  4456 | D:5      | Reached skill level 6 in Fighting
  4475 | D:5      | Gained mutation: You have an increased reservoir of magic (+10% MP). [potion of beneficial mutation]
  4497 | D:5      | Gained mutation: You possess an exceptional clarity of mind. [potion of beneficial mutation]
  4667 | D:5      | Noticed Menkaure
  4780 | D:5      | Reached XP level 7. HP: 50/58 MP: 7/7
  4841 | D:5      | Reached skill level 5 in Axes
  5194 | D:6      | Gained mutation: You are immune to rotting. [demonic ancestry]
  5194 | D:6      | Reached XP level 8. HP: 58/65 MP: 8/8
  5305 | D:5      | Killed Menkaure
  5305 | D:5      | Reached skill level 7 in Axes
  5934 | D:6      | Reached skill level 8 in Axes
  5943 | D:6      | Found a deep blue altar of Sif Muna.
  6029 | D:6      | Found a shadowy altar of Dithmenos.
  6063 | D:6      | Found a runed door.
  6175 | D:6      | Found a basalt altar of Yredelemnul.
  6442 | D:6      | Gained mutation: Your spells are a little harder to cast, but a little more powerful. [potion of mutation]
  6442 | D:6      | Gained mutation: Scrolls take you a little longer to read. [potion of mutation]
  6442 | D:6      | Gained mutation: You can spit weak poison. [potion of mutation]
  6443 | D:6      | Gained mutation: Your natural rate of healing is unusually fast. [potion of mutation]
  6444 | D:6      | Upgraded the game from 0.18-a0-425-ge088ad1 to 0.18-a0-455-gc7d4c65
  6569 | D:7      | Found a staircase to the Ecumenical Temple.
  6600 | D:7      | Reached skill level 5 in Armour
  6621 | Temple   | Entered the Ecumenical Temple
  6836 | D:7      | Reached XP level 9. HP: 63/71 MP: 9/9
  6941 | D:7      | Found a shimmering altar of Xom.
  6941 | D:7      | Found a glowing golden altar of the Shining One.
  7328 | D:8      | Found a sacrificial altar of Ru.
  7328 | D:8      | Found a sparkling altar of Nemelex Xobeh.
  7329 | D:8      | Found a radiant altar of Vehumet.
  7331 | D:8      | Found a snail-covered altar of Cheibriados.
  7332 | D:8      | Found an ancient bone altar of Kikubaaqudgha.
  7338 | D:8      | Reached skill level 9 in Axes
  7347 | D:8      | Gained mutation: Your movements are slightly less encumbered by armour (ER -2). [mutagenic meat]
  7348 | D:8      | Gained mutation: You have a pair of horns on your head. [mutagenic meat]
  7349 | D:8      | Gained mutation: You are somewhat resistant to further mutation. [mutagenic meat]
  7352 | D:8      | Became a worshipper of Ru the Awakened
  7516 | D:8      | Found a staircase to the Lair.
  7583 | D:8      | Found an iron altar of Okawaru.
  7696 | D:8      | Found a blossoming altar of Fedhas.
  7722 | D:8      | Noticed an oklob plant
  8354 | D:8      | Reached skill level 10 in Axes
  8728 | D:9      | Noticed Joseph
  9013 | D:9      | Killed Joseph
  9108 | D:9      | Gained mutation: You are completely covered in icy blue scales (AC +4, EV -1, rC+). [demonic ancestry]
  9108 | D:9      | Reached XP level 10. HP: 77/77 MP: 11/11
  9141 | D:9      | Reached skill level 11 in Axes
  9273 | D:9      | Gained mutation: You take slightly more damage. (-3 AC) [Ru sacrifice]
  9324 | D:9      | Reached skill level 1 in Dodging
  9754 | D:10     | Entered Level 10 of the Dungeon
  9977 | D:10     | Noticed a hill giant
 10003 | D:10     | Killed a hill giant
 10114 | D:10     | Reached skill level 5 in Dodging
 10378 | D:10     | Reached XP level 11. HP: 79/86 MP: 12/12
 10716 | D:11     | Noticed a hill giant
 10878 | D:11     | Gained mutation: You have a pair of large horns on your head. [mutagenic meat]
 10881 | D:11     | Gained mutation: You tend to lose your temper in combat. [mutagenic meat]
 10882 | D:11     | Gained mutation: You occasionally shout uncontrollably at your foes. [mutagenic meat]
 10886 | D:11     | Gained mutation: Your system is resistant to poisons. [mutagenic meat]
 11232 | D:11     | Killed a hill giant
 11359 | D:11     | Noticed a hill giant
 11375 | D:11     | Killed a hill giant
 11425 | D:11     | Gained mutation: You are hated by all. [Ru sacrifice]
 11425 | D:11     | Reached * piety under Ru
 11425 | D:11     | Reached ** piety under Ru
 12069 | D:11     | Noticed a six-headed hydra
 12103 | D:12     | Noticed Psyche
 12108 | D:12     | Killed Psyche
 12761 | D:11     | Noticed a hill giant
 12784 | D:11     | Killed a hill giant
 12990 | D:11     | Killed a two-headed hydra
 13081 | D:11     | Noticed a queen ant
 13099 | D:11     | Reached skill level 10 in Fighting
 13102 | D:11     | Killed a queen ant
 13102 | D:11     | Reached XP level 12. HP: 40/97 MP: 13/13
 13438 | D:12     | Noticed Snorg
 13645 | D:12     | Reached skill level 10 in Dodging
 13797 | D:12     | Noticed an ogre mage
 13803 | D:12     | Mangled by Snorg

Vault maps used:
D:1:      moated_graveyard_arrival, minmay_misc_feat_columns
D:2:      elyvilon_altar_5
D:3:      first_bread, trog_hazing_becter
D:4:      marbit_many_paths, grunt_ministairs_4
D:5:      corexii_shack_village, uniq_menkaure
D:6:      hangedman_cross_stitches, tgw_sif,
          nicolae_dithmenos_through_a_glass_darkly, dk_yredelemnul_ordeal
D:7:      gammafunk_temple_overflow_wave, temple_fountains
D:8:      okawaru_humans, tgw_fedhas, grunt_temple_overflow_open, lair_0_dummy
D:9:      hangedman_tell_no_tales, uniq_joseph
D:11:     kennysheep_ambush_hall, stair_cage_line, zaba_antful_of_joy
D:12:     erik_orc_1, st_stairs_3, uniq_psyche, uniq_snorg
Temple:   temple_island_7

Action                   |  1- 3 |  4- 6 |  7- 9 | 10-12 || total
-------------------------+-------+-------+-------+-------++-------
Melee: War axe           |   115 |   228 |   275 |   471 ||  1089
       Hand axe          |       |       |       |     5 ||     5
 Fire: Blowgun           |       |       |    19 |    35 ||    54
Invok: Sacrifice Health  |       |       |       |     1 ||     1
       Sacrifice Love    |       |       |       |     1 ||     1
Evoke: Wand              |       |       |       |     1 ||     1
  Use: Potion            |       |    12 |     4 |     1 ||    17
       Scroll            |       |       |     7 |     5 ||    12
  Eat: Chunk             |     4 |     9 |    19 |    27 ||    59
       Bread ration      |       |       |     3 |       ||     3
       Pizza             |       |       |     1 |       ||     1
       Beef jerky        |       |       |     1 |       ||     1
       Meat ration       |       |       |       |     1 ||     1
       Fruit             |       |       |       |     1 ||     1
